 Dungeon Crawl Stone Soup version 0.20.1-1-g8b1a95d (webtiles) character file.

81 Linguinho the Sneak (level 4, -3/33 HPs)
             Began as a Demonspawn Assassin on Oct 30, 2017.
             Slain by Grinder (4 damage)
             ... on level 3 of the Dungeon.
             The game lasted 00:04:45 (1290 turns).

Linguinho the Sneak (Demonspawn Assassin)           Turns: 1290, Time: 00:04:45

Health: -3/33      AC: 11    Str: 13    XL:     4   Next: 20%
Magic:  4/4        EV: 11    Int: 12    God:
Gold:   71         SH:  0    Dex: 14    Spells: 3/3 levels left

rFire    . . .     SeeInvis .   a - +3 dagger
rCold    . . .     Gourm    .   (no shield)
rNeg     + . .     Faith    .   w - +0 leather armour
rPois    .         Spirit   .   (no helmet)
rElec    .         Reflect  .   d - +0 cloak
rCorr    .         Harm     .   (no gloves)
MR       .....                  r - +0 pair of boots
Stlth    +++.......             (no amulet)
Regen    0.2/turn               o - ring of positive energy
MPRegen  0.1/turn               (no ring)

@: lethally poisoned (-3 -> -3), about to teleport, sanguine armour
A: spiny 1, sanguine armour 1
a: no special abilities


You were on level 3 of the Dungeon.
You were not hungry.

You visited 1 branch of the dungeon, and saw 3 of its levels.

You collected 71 gold pieces.

Inventory:

Hand Weapons
 a - a +3 dagger (weapon)
 b - a +0 blowgun
Missiles
 e - 8 poisoned needles
 f - 2 curare-tipped needles
 s - 6 tomahawks of returning (quivered)
Armour
 d - a +0 cloak (worn)
 r - a +0 pair of boots (worn)
 w - a +0 leather armour (worn)
Jewellery
 o - a ring of positive energy (left hand)
Scrolls
 h - a scroll of noise {unknown}
 i - a scroll of identify
 n - a scroll of remove curse {unknown}
 p - a scroll of magic mapping {unknown}
 u - a scroll of fog {unknown}
Potions
 l - 2 potions of lignification
Comestibles
 g - 3 bread rations
 k - a meat ration
 v - a fruit


   Skills:
 + Level 2.1 Fighting
 + Level 2.2 Short Blades
 - Level 1.7 Throwing
 * Level 1.1 Armour
 + Level 1.0 Dodging
 * Level 4.8 Stealth


You had 3 spell levels left.
You didn't know any spells.

Dungeon Overview and Level Annotations

Branches:
Dungeon (3/15)

Altars:

Annotations:
D:3 Grinder


Innate Abilities, Weirdness & Mutations

You are partially covered in sharp spines.
When seriously injured, your bleeding wounds create armour. (AC +6)


Message History

You feel sick.
Grinder says, "There's only one good use for a tongue: cutting it out."
Grinder is struck by your spines. Grinder hits you but does no damage.
You can move again.
As you read the scroll labeled LIHES IGIAF, it crumbles to dust.
It is a scroll of enchant weapon.
Your +2 dagger glows red for a moment.
Grinder blinks!
As you read the scroll labeled XOERIRCH EMNE, it crumbles to dust.
It is a scroll of amnesia.
You feel forgetful for a moment.
As you read the scroll labeled ROETUUVOIXT, it crumbles to dust.
The creatures around you are filled with an inner flame!
It was a scroll of immolation.
Grinder is struck by your spines. Grinder barely misses you.
Unknown command.
As you read the scroll labeled LICUABBUADD, it crumbles to dust.
You feel strangely unstable.
It was a scroll of teleportation.
* * * LOW HITPOINT WARNING * * *
You feel sick. Grinder hits you.
You die...

#.#..# #...#####
#.....#'# ##.......#
+ #........###### .#
#.............###.##
#....###++.........#
#..[## #...5.....#
#...# #..@......#
##### #.........#
#####.....# .....#
....# ###.# #


You could see Grinder (inner flame).

Vanquished Creatures
  3 adders
  An ooze (D:3)
  2 worms (D:2)
  3 dart slugs
  4 leopard geckos
  2 giant cockroaches (D:1)
  3 goblins
  4 hobgoblins
  3 kobolds (D:2)
  2 quokkas
  A ball python (D:2)
  6 bats
  A frilled lizard (D:2)
  2 rats
37 creatures vanquished.

Notes
Turn   | Place    | Note
-------+----------+-------------------------------------------
     0 | D:1      | Linguinho the Demonspawn Assassin began the quest for the Orb.
     0 | D:1      | Reached XP level 1. HP: 16/16 MP: 1/1
    77 | D:1      | Reached skill level 4 in Stealth
    77 | D:1      | Gained mutation: You are partially covered in sharp spines. [demonic ancestry]
    77 | D:1      | Reached XP level 2. HP: 21/22 MP: 2/2
    81 | D:1      | Reached skill level 1 in Dodging
   347 | D:2      | Reached skill level 1 in Armour
   347 | D:2      | Gained mutation: When seriously injured, your bleeding wounds create armour. (AC +6) [demonic ancestry]
   347 | D:2      | Reached XP level 3. HP: 9/27 MP: 3/3
  1181 | D:3      | Reached XP level 4. HP: 32/33 MP: 4/4
  1199 | D:3      | Noticed Grinder
  1283 | D:3      | Paralysed by Grinder for 3 turns
  1290 | D:3      | HP: 1/33 [poisoned by an adder]
  1290 | D:3      | Slain by Grinder

Skill      XL: |  1  2 |
---------------+-------+-----
Stealth        | 4 |  4.8
Dodging        | 1 |  1.0
Short Blades   | 2 |  2.2
Armour         | 1 |  1.1
Fighting       | |  2.1
Throwing       | |  1.7

Action                   |  1- 3 |  4- 6 || total
-------------------------+-------+-------++-------
Melee: Dagger            |    80 |    14 ||    94
Throw: Tomahawk          |     4 |       ||     4
  Use: Scroll            |       |     5 ||     5
 Stab: Sleeping          |     7 |       ||     7
  Eat: Chunk             |       |     1 ||     1
Armor: Robe              |    11 |       ||    11
       Leather armour    |       |     4 ||     4
Dodge: Dodged            |    33 |     4 ||    37
